AoeStats
← Anfangspunkt

Arena

509888026Analyzed
4v4 RM · 4d ago on Sep 28, 2026· 49m 40s· 8 players
Game mode
Random Map
Map size
Large (8 player)
Population
200
Speed
Normal
Resources
Standard
Victory
Conquest
Starting age
Dark Age
Ending age
Imperial Age
RankedLock teamsTeams togetherTeam positionsShared explorationLock speedFull tech treeHidden civsTurbo modeCheats
Victory
Defeat
🇨🇳 Bulgarians · China
954
+17
🇨🇳 Wu · China
936
+17
🇹🇷 Inca · Türkiye
930
+18
🇨🇳 Goths · China
930
+18
🇩🇪 Celts · Germany
980
-18
🇺🇾 Goths · Uruguay
973
-18
🇩🇪 Malians · Germany
971
-18
🇦🇷 Persians · Argentina
934
-16
md
10:25 Feudal Age
15:41 Castle Age
14:18 Double-Bit Axe
15:00 Horse Collar
16:32 Loom
命格
1:38 Loom
11:53 Feudal Age
15:58 Castle Age
13:58 Double-Bit Axe
14:54 Horse Collar
16:07 Stone Mining
16:11 Gold Mining
19:51 Bow Saw
24:32 Wheelbarrow
24:22 Heavy Plow
26:31 Hand Cart
26:18 Pikeman
31:58 Imperial Age
30:50 Anarchy
30:55 Town Watch
31:26 Forging
31:32 Squires
32:53 Stone Shaft Mining
32:23 Scale Mail Armor
33:01 Iron Casting
33:15 Conscription
34:24 Two-Man Saw
33:57 Crop Rotation
33:34 Halberdier
35:22 Chain Mail Armor
36:09 Blast Furnace
35:36 Fletching
36:46 Perfusion
36:55 Elite Huskarl
42:06 Bodkin Arrow
42:14 Padded Archer Armor
41:37 Man-at-Arms
42:53 Long Swordsman
44:41 Chemistry
44:18 Caravan
44:07 Two-Handed Swordsman
45:56 Ballistics
45:32 Murder Holes
45:48 Masonry
45:54 Champion
48:26 Bracer
48:43 Leather Archer Armor
49:07 Scale Barding Armor
49:34 Ring Archer Armor
49:33 Bloodlines
49:26 Husbandry
世锦赛冠军
9:56 Feudal Age
10:23 Double-Bit Axe
15:46 Forging
19:51 Castle Age
19:52 Scale Barding Armor
19:56 Scale Mail Armor
21:26 Iron Casting
28:23 Chain Barding Armor
29:40 Bloodlines
31:25 Horse Collar
32:29 Wheelbarrow
32:47 Bow Saw
32:53 Gold Mining
37:47 Imperial Age
36:40 Stone Mining
37:26 Gold Shaft Mining
38:23 Hand Cart
38:18 Light Cavalry
38:58 Husbandry
40:16 Plate Barding Armor
40:42 Blast Furnace
39:47 Squires
40:24 Heavy Plow
41:17 Bagains
41:38 Conscription
42:33 Conscription
43:36 Chain Mail Armor
43:55 Gambesons
44:12 Stirrups
44:23 Elite Konnik
46:08 Plate Mail Armor
45:15 Hussar
岁寒
10:31 Feudal Age
12:34 Loom
15:38 Castle Age
14:12 Double-Bit Axe
16:26 Horse Collar
22:34 Fletching
23:57 Wheelbarrow
23:10 Town Watch
25:19 Bodkin Arrow
25:24 Padded Archer Armor
26:07 Padded Archer Armor
27:36 Bow Saw
29:02 Ballistics
29:19 Leather Archer Armor
30:08 Heavy Plow
30:01 Gold Mining
30:06 Stone Mining
31:51 Red Cliffs Tactics
35:09 Imperial Age
33:09 Hand Cart
35:51 Gold Shaft Mining
36:16 Conscription
36:01 Elite Fire Archer
37:39 Bracer
40:15 Chemistry
39:41 Forging
39:36 Scale Barding Armor
40:14 Bloodlines
40:07 Husbandry
40:37 Heavy Hei Guang Cavalry
41:25 Town Patrol
43:15 Iron Casting
43:01 Chain Barding Armor
45:55 Caravan
Anfangspunkt
11:19 Feudal Age
12:50 Double-Bit Axe
18:39 Castle Age
22:45 Stone Mining
29:00 Wheelbarrow
32:32 Fletching
32:43 Padded Archer Armor
32:53 Forging
32:44 Scale Mail Armor
38:17 Imperial Age
35:50 Pikeman
36:17 Arson
37:23 Bodkin Arrow
38:22 Capped Ram
38:26 Halberdier
41:07 Iron Casting
40:57 Elite Skirmisher
42:10 Elite Woad Raider
45:03 Crossbowman
QiQiKaKaGuGu
11:08 Feudal Age
14:58 Castle Age
13:03 Stone Mining
13:47 Double-Bit Axe
15:00 Horse Collar
15:46 Loom
16:28 Loom
24:54 Bow Saw
27:37 Wheelbarrow
26:53 Town Watch
27:24 Heavy Plow
27:16 Gold Mining
29:04 Gold Shaft Mining
30:08 Hand Cart
32:40 Imperial Age
30:48 Forging
31:15 Scale Mail Armor
32:23 Fletching
32:33 Padded Archer Armor
33:16 Elite Skirmisher
33:58 Bodkin Arrow
34:18 Leather Archer Armor
36:13 Ring Archer Armor
38:11 Iron Casting
39:23 Ballistics
40:03 Chemistry
40:42 Conscription
40:23 Farimba
41:14 Cavalier
42:14 Scale Barding Armor
46:13 Husbandry
46:24 Bloodlines
Wolf
12:03 Feudal Age
17:38 Castle Age
16:23 Scale Mail Armor
16:09 Horse Collar
17:34 Forging
17:26 Double-Bit Axe
17:33 Town Watch
17:39 Man-at-Arms
24:17 Loom
26:50 Anarchy
32:09 Fletching
37:07 Imperial Age
35:57 Gold Mining
37:43 Chain Mail Armor
38:04 Iron Casting
44:50 Imperial Age
45:31 Perfusion
46:19 Wheelbarrow
46:23 Pikeman
CheLoco3552
10:53 Feudal Age
14:31 Castle Age
13:08 Double-Bit Axe
14:36 Horse Collar
21:55 Bow Saw
23:02 Wheelbarrow
32:36 Imperial Age
31:14 Scale Barding Armor
32:23 Chain Barding Armor
33:23 Forging
33:20 Heavy Plow
33:36 Hand Cart
35:20 Two-Man Saw
34:10 Loom
34:48 Stone Mining
34:51 Gold Mining
36:05 Crop Rotation
37:31 Chemistry
37:18 Iron Casting
40:36 Hoardings
41:53 Plate Barding Armor
42:19 Blast Furnace
42:01 Masonry
Connection lost

Rejoining the realm…

Still unreachable

The connection could not be restored.

Session expired

The server has moved on; the page needs a fresh start.